 Dungeon Crawl Stone Soup version 0.29.1-13-g9f3cf754e1 (webtiles) character file.

Game seed: 12592824693922227407

7565 iambehindu the Cleaver (level 10, 0/78 HPs)
             Began as a Minotaur Berserker on Jan 30, 2023.
             Was an Elder of Trog.
             Slain by an orc warrior
             ... wielding a +1 antimagic halberd
              (6 damage)
             ... on level 9 of the Dungeon.
             The game lasted 01:04:57 (14321 turns).

iambehindu the Cleaver (Minotaur Berserker)        Turns: 14321, Time: 01:04:57

Health: 0/78       AC: 18    Str: 30    XL:     10   Next: 96%
Magic:  1/9        EV: 10    Int:  4    God:    Trog [****..]
Gold:   481        SH:  7    Dex: 16    Spells: 9/9 levels left

rFire   + . .      SeeInvis .   B - +0 war axe of Eneuzod {vorpal, rC+ Str+4}
rCold   + . .      Faith    .   r - +1 buckler
rNeg    . . .      Spirit   .   F - +4 chain mail {rPois}
rPois   +          Reflect  .   x - +2 hat
rElec   .          Harm     .   (no cloak)
rCorr   .          Rampage  .   (no gloves)
Will    .....                   (no boots)
Stlth   ..........              (no amulet)
HPRegen 0.23/turn               g - +6 ring of dexterity
MPRegen 0.11/turn               s - ring of protection from fire

@: no status effects
A: horns 2, retaliatory headbutt
a: Renounce Religion, Berserk, Trog's Hand, Brothers in Arms


You were on level 9 of the Dungeon.
You worshipped Trog.
Trog was greatly pleased with you.
You visited 1 branch of the dungeon, and saw 10 of its levels.

You collected 721 gold pieces.
You spent 240 gold pieces at shops.

Inventory:

Hand Weapons
 a - a +0 hand axe
 k - the +11 hand axe of Profit {drain, Fly rC+ Dex+3}
   (You found it on level 2 of the Dungeon)

   A truly terrible weapon, it drains the life of any living foe it strikes.
   Dex:       It affects your dexterity (+3).
   rC:        It protects you from cold.
   Fly:       It grants you flight.
 u - a +0 war axe
 B - the +0 war axe of Eneuzod (weapon) {vorpal, rC+ Str+4}
   (You found it on level 7 of the Dungeon)

   It inflicts extra damage upon your enemies.
   Str:       It affects your strength (+4).
   rC:        It protects you from cold.
 C - a +1 hammer of protection
 J - a +0 battleaxe
Armour
 b - a +0 animal skin
 d - a +0 ring mail
 o - a +0 chain mail
 r - a +1 buckler (worn)
 x - a +2 hat (worn)
 z - a +0 scale mail
 E - +0 steam dragon scales
 F - a +4 chain mail of poison resistance (worn)
Jewellery
 g - a +6 ring of dexterity (left hand)
 s - a ring of protection from fire (right hand)
 I - a ring of protection from fire
Scrolls
 h - a scroll of blinking {unknown}
 i - 3 scrolls of fog
 l - 3 scrolls of immolation
 m - a scroll of enchant armour
 n - a scroll of identify
 t - a scroll of teleportation {unknown}
 v - a scroll of enchant weapon {unknown}
 y - 3 scrolls of magic mapping
 A - 2 scrolls of amnesia {unknown}
 H - a scroll of poison {unknown}
Potions
 e - 4 potions of lignification
 f - a potion of attraction {unknown}
 j - 3 potions of might {unknown}
 p - a potion of mutation {unknown}
 q - a potion of resistance {unknown}
 w - 2 potions of haste {unknown}
 D - 2 potions of flight {unknown}
 G - 2 potions of heal wounds {unknown}
 K - a potion of experience {unknown}


   Skills:
 - Level 4.0 Fighting
 + Level 14.5 Axes
 + Level 12.9 Armour
 - Level 2.2 Dodging
 + Level 5.9 Shields


You had 9 spell levels left.
You didn't know any spells.
Your spell library was empty.

Dungeon Overview and Level Annotations

Branches:
Dungeon (10/15)            Temple (0/1) D:7             Orc (0/2) D:9
   Lair: D:8-11

Altars:
Cheibriados
Dithmenos
Elyvilon
Fedhas
Hepliaklqana
Makhleb
Nemelex Xobeh
Trog
Wu Jian

Shops:
D:8 *


Innate Abilities, Weirdness & Mutations

You have a pair of horns on your head.
You reflexively headbutt those who attack you in melee.


Message History

You block the gnoll sergeant's attack.
You feel better. You block the orc warrior's attack.
The orc warrior hits you from afar with a +1 antimagic halberd.
* * * LOW HITPOINT WARNING * * *
You block the gnoll sergeant's attack.
The gnoll sergeant hits you but does no damage.
You feel better.
The orc warrior hits you with a +0 scimitar.
* * * LOW HITPOINT WARNING * * *
The orc warrior hits you from afar with a +1 antimagic halberd.
* * * LOW HITPOINT WARNING * * *
The gnoll sergeant hits you but does no damage.
The orc warrior attacks as you move away!
You block the orc warrior's attack.
The gnoll sergeant attacks as you move away!
The gnoll sergeant hits you with a +0 trident.
* * * LOW HITPOINT WARNING * * *
Found a runed falchion.
The gnoll sergeant hits you from afar with a +0 trident.
* * * LOW HITPOINT WARNING * * *
You feel better.
The orc warrior hits you but does no damage.
You block the gnoll sergeant's attack.
You barely miss the orc warrior. Your headbutt misses the orc warrior.
The orc warrior is almost dead.
You block the orc warrior's attack.
The gnoll sergeant hits you but does no damage.
You slash the orc warrior!
You kill the orc warrior!
Trog accepts your kill. The gnoll sergeant barely misses you.
Found a stone staircase leading up.
The orc warrior barely misses you. You furiously retaliate!
You headbutt the orc warrior, but do no damage.
The orc warrior hits you with a +1 antimagic halberd.
* * * LOW HITPOINT WARNING * * *
You feel your power leaking away.
The orc warrior attacks as you move away!
The orc warrior hits you with a +1 antimagic halberd.
You die...

#.)...###8...8# ...# #
#.......#.....# ...# #
#.......#..KK.#############...###
........#goooT#..................
........#8.o.8#..................
........###T###..................
.<...$...gg)).o...[...........[..
........#######o..[<[<...........
..........K.Tgg.@...[............
...................[.............
...........))....................
...........).....................
.................................
...........).....................
#######...####...##########...###
#...# #...# #...# #### #####
#...#


You could see a troll, an orc warrior, a kobold brigand, 2 gnoll sergeants and
an orc.

Vanquished Creatures
  Erica (D:9)
  A two-headed ogre (D:6)
  An ugly thing (D:8)
  The ghost of Taurus the Ducker, a novice FeSu (D:8)
  A polar bear (D:10)
  A troll (D:8)
  A yak (D:9)
  A centaur simulacrum (D:10)
  3 steam dragons
  6 water moccasins
  6 orc warriors
  A sky beast (D:7)
  5 ogres
  8 centaurs
  A phantom (D:5)
  4 kobold brigands
  4 gnoll sergeants
  3 bullfrogs
  2 necrophages
  5 wights
  A howler monkey (D:8)
  4 orc priests
  5 hounds
  A jelly (D:5)
  A gnoll bouda (D:6)
  Crazy Yiuf (D:7)
  4 iguanas
  8 orc wizards
  15 gnolls
  10 adders
  2 white imps
  An ufetubus (D:10)
  A worm (D:4)
  3 dart slugs
  14 orcs
  4 ball pythons
  3 bats
  6 endoplasms
  7 giant cockroaches
  5 goblins
  16 hobgoblins
  3 jackals
  6 quokkas
  7 frilled lizards
  33 kobolds
  15 rats
  A spectral hobgoblin (D:8)
233 creatures vanquished.

Vanquished Creatures (others)
  24 plants
24 creatures vanquished.

Grand Total: 257 creatures vanquished

Notes
Turn   | Place    | Note
-------+----------+-------------------------------------------
     0 | D:1      | iambehindu the Minotaur Berserker began the quest for the
                  | Orb.
     0 | D:1      | Reached XP level 1. HP: 19/19 MP: 0/0
    17 | D:1      | Found a faded altar of an unknown god.
   244 | D:1      | Reached XP level 2. HP: 27/27 MP: 1/1
   282 | D:1      | Reached skill level 4 in Axes
   665 | D:1      | Reached XP level 3. HP: 31/33 MP: 2/2
  1050 | D:2      | Reached skill level 5 in Axes
  1077 | D:2      | Reached ** piety under Trog
  1230 | D:2      | Identified the +11 hand axe of Profit {drain, Fly rC+
                  | Dex+3}
  1260 | D:2      | Reached XP level 4. HP: 39/40 MP: 3/3
  1557 | D:2      | Reached skill level 6 in Axes
  2244 | D:3      | Reached XP level 5. HP: 28/46 MP: 4/4
  3180 | D:3      | Identified the +2 robe of Virtue {Regen+ rCorr Dex+5}
  3237 | D:3      | Noticed a water moccasin
  3241 | D:3      | Killed a water moccasin
  3242 | D:3      | Reached skill level 7 in Axes
  3242 | D:3      | Reached XP level 6. HP: 52/52 MP: 5/5
  4114 | D:4      | Reached skill level 8 in Axes
  4212 | D:4      | Found a burning altar of Makhleb.
  4598 | D:5      | Entered Level 5 of the Dungeon
  4669 | D:5      | Reached skill level 5 in Armour
  4669 | D:5      | Reached XP level 7. HP: 47/59 MP: 6/6
  5011 | D:5      | Noticed a steam dragon
  5019 | D:5      | Killed a steam dragon
  5289 | D:5      | Found an ornate altar of the Wu Jian Council.
  5470 | D:5      | Reached skill level 9 in Axes
  5560 | D:5      | Found a shadowy altar of Dithmenos.
  6426 | D:6      | Reached skill level 1 in Shields
  6510 | D:5      | Reached XP level 8. HP: 13/66 MP: 7/7
  7134 | D:6      | Reached *** piety under Trog
  7155 | D:6      | Noticed a two-headed ogre
  7171 | D:6      | Killed a two-headed ogre
  7172 | D:6      | Reached skill level 10 in Axes
  7461 | D:6      | Reached skill level 11 in Axes
  7461 | D:6      | Reached XP level 9. HP: 55/71 MP: 8/8
  8048 | D:6      | Found a snail-covered altar of Cheibriados.
  8089 | D:6      | Found a bloodstained altar of Trog.
  8098 | D:6      | Reached skill level 10 in Armour
  8808 | D:7      | Reached **** piety under Trog
  9087 | D:7      | Found a staircase to the Ecumenical Temple.
  9119 | D:7      | Identified the +0 war axe of Eneuzod {vorpal, rC+ Str+4}
  9313 | D:7      | Reached skill level 12 in Axes
  9537 | D:7      | Found a runed translucent door.
  9538 | D:7      | Noticed Crazy Yiuf
  9543 | D:7      | Killed Crazy Yiuf
  9621 | D:7      | Found a sparkling altar of Nemelex Xobeh.
 10328 | D:8      | Found a white marble altar of Elyvilon.
 10849 | D:8      | Found Kuho's Serpentskin Sales.
 11114 | D:8      | Found a runed translucent gate.
 11114 | D:8      | Found a runed translucent gate.
 11114 | D:8      | Found a runed translucent gate.
 11130 | D:8      | Bought a +2 chain mail of poison resistance for 240 gold
                  | pieces
 11148 | D:8      | Noticed Taurus's ghost (novice FeSu)
 11184 | D:8      | Noticed a white ugly thing
 11198 | D:8      | Reached XP level 10. HP: 78/78 MP: 9/9
 11199 | D:8      | Killed a white ugly thing
 11641 | D:8      | Found a blossoming altar of Fedhas.
 11890 | D:8      | Found a hazy altar of Hepliaklqana.
 12272 | D:8      | Killed Taurus's ghost
 12273 | D:8      | Reached skill level 13 in Axes
 12273 | D:8      | Reached skill level 5 in Shields
 12796 | D:9      | Noticed Erica
 13012 | D:9      | Killed Erica
 13286 | D:10     | Entered Level 10 of the Dungeon
 13362 | D:10     | Reached skill level 14 in Axes
 14020 | D:9      | Identified the +8 dagger of Pestilence {holy, *Rage Will+
                  | Dex+4}
 14270 | D:9      | Found a staircase to the Orcish Mines.
 14306 | D:9      | HP: 1/78 [gnoll sergeant/+0 trident (5)]
 14321 | D:9      | Slain by an orc warrior

Illustrated notes

Levels and vault maps discovered:
D:1:      minmay_arrival_glassed_features, layout_basic, basic_ecumenical_altar
D:2:      layout_loops_corners, minmay_close_crescents
D:3:      layout_loops_corners, kennysheep_generic_room_7
D:4:      layout_basic, demons_altar, minmay_misc_feat_hallway,
          minmay_misc_feat_doors
D:5:      layout_basic, grunt_dithmenos_smoke_and_mirrors,
          nzn_wu_jian_council_hall, hangedman_decor_points, minivault_1
D:6:      kennysheep_housing_project, layout_basic, trog_three_pillars_becter,
          old_standard_altar
D:7:      layout_layer_cave, mainiacjoe_overflow_six_doors_small,
          minmay_temple_entry_mist, serial_park_tiny_2,
          kennysheep_generic_room_10, uniq_crazy_yiuf_cottage
D:8:      layout_cave_pools, fedhas_altar_1,
          nicolae_hepliaklqana_monster_ancestors, overflow_temple_1_default,
          ebering_ghost_rock_garden, minmay_misc_feat_cross, guppyfry_shop_venom
D:9:      layout_cross, mainiacjoe_overflow_catwalk_spiral,
          kennysheep_orc_monster_closet_entryway, enter_bailey_6, st_stairs_7,
          uniq_erica
D:10:     layout_basic, serial_ice, serial_ice_k, serial_ice_h, serial_ice_b,
          serial_ice_a, serial_shops, shop, reono_crystal_passage,
          kennysheep_crisscross, roderic_roman_lattice, serial_bayou_pond_c,
          nrook_campfire

Skill      XL: |  1  2  3  4  5  6  7  8  9 10 |
---------------+-------------------------------+-----
Fighting       | 4 |  4.0
Axes           | 4 5 6 7 8 9 11 12 14 | 14.5
Armour         | 3 5 6 9 11 12 | 12.9
Shields        | 1 2 4 5 |  5.9
Dodging        | |  2.2

Action                   |  1- 3 |  4- 6 |  7- 9 | 10-12 || total
-------------------------+-------+-------+-------+-------++-------
Melee: Hand axe          |    76 |    82 |   151 |       ||   309
       Headbutt          |     9 |    10 |    37 |    29 ||    85
       Punch             |       |     1 |       |       ||     1
       War axe           |       |       |    42 |   135 ||   177
Invok: Berserk           |       |     2 |     4 |     1 ||     7
  Use: Scroll            |       |       |     5 |     6 ||    11
       Potion            |       |       |     1 |     6 ||     7
Armor: Animal skin       |     1 |       |       |       ||     1
       Ring mail         |    27 |    10 |       |       ||    37
       Chain mail        |       |    28 |    94 |    90 ||   212
Dodge: Dodged            |    54 |    34 |    63 |    66 ||   217
Block: Buckler           |       |     2 |    39 |    68 ||   109
